[Event "Suryabinayak Municipality Open B 2024"]
[Site "Bhaktapur"]
[Date "2024.12.06"]
[Round "8.6"]
[White "Acharya, Sushan"]
[Black "Maharjan, Prem Krishna"]
[Result "1/2-1/2"]
[ECO "C28"]
[WhiteElo "1822"]
[BlackElo "1899"]
[Annotator "NA RC"]
[PlyCount "134"]
[EventDate "2024.12.02"]
[EventCountry "NEP"]
[SourceTitle "playchess.com"]
[Source "ChessBase"]
[SourceQuality "1"]
[TimeControl "5400+30"]

1. e4 e5 2. Nc3 Nc6 3. Bc4 Nf6 4. d3 Bb4 5. Nge2 d5 6. exd5 Nxd5 7. O-O Nxc3 8. bxc3 {[%emt 0:00:26] 8.bxc3 is better than 8.Nxc3.} Bd6 {[%emt 0:00:32] C28: Vienna Game: 2...Nf6 3 Bc4 Nc6.} 9. Ng3 O-O 10. a4 Kh8 11. f4 $146 ({Predecessor:} 11. Kh1 f5 12. f4 exf4 13. Bxf4 Bxf4 14. Rxf4 Ne5 15. Bb3 g5 16. Rf1 f4 17. Ne4 {0-1 Lopez del Alamo,A (2275)-Krysa,L (2538) Titled Tuesday intern op 03rd Jan Early blitz 2023 (7)}) 11... Qh4 {[%emt 0:06:39] [#]} (11... f5 $15) 12. Ne4 $1 Be6 {[%emt 0:18:08] [#]} ({Better is} 12... f5 $14 13. Nxd6 cxd6) 13. Bb3 ({White should try} 13. f5 $1 $16 Bxc4 14. Bg5 Bc5+ 15. Kh1 (15. Nxc5 $2 {is the wrong capture.} Qxg5 16. Qf3 Qe7 $19) 15... Qxe4 16. dxe4) 13... Bxb3 14. cxb3 f5 15. Nxd6 cxd6 16. Ba3 Rf6 17. Qe1 Qg4 18. Qd1 Qh4 19. Qe1 Qg4 20. Ra2 Re8 21. Re2 Rg6 22. b4 Ree6 23. Rff2 Nd8 24. fxe5 dxe5 {[%emt 0:01:47] [#]} 25. Rxe5 (25. Re4 $1 $16 f4 (25... Qh3 $2 26. Rxe5 Qg4 27. d4 $18) 26. Rxe5) 25... f4 $2 (25... Rxe5 $11 {and Black has nothing to worry.} 26. Qxe5 Re6) 26. Rxe6 Nxe6 27. Qe2 Qh4 (27... Qf5 $16 {was necessary.} 28. Qe4 Qxe4 29. dxe4 h6) 28. Bc1 Rf6 29. Qf1 h6 30. Kh1 Qg5 31. c4 Qf5 32. d4 g5 33. d5 Ng7 34. Bb2 Rf7 35. Qe1 Kg8 36. Rf1 Qd3 37. Qd1 Qxc4 38. Bxg7 Rxg7 39. Re1 Qxb4 40. h3 Re7 41. Rxe7 Qxe7 42. d6 Qd7 43. Qd5+ Kf8 44. Qe5 Kf7 45. Qd5+ Kf6 46. a5 a6 47. Kg1 Qc6 48. Qd4+ Ke6 49. Qg7 Qc5+ 50. Kh1 Kxd6 51. Qxh6+ Kd7 52. Qg7+ Kc8 53. Qg8+ Kc7 54. h4 gxh4 55. Qf7+ Kc6 56. Qe8+ Kd5 57. Qf7+ Kc6 58. Qe8+ Kc7 59. Qf7+ Kb8 60. Qxf4+ Ka7 61. Qd2 $11 Qe7 62. Qd4+ Kb8 63. Qc3 Qg5 64. Qh8+ Kc7 65. Qc3+ Kb8 66. Qh8+ Ka7 67. Qd4+ Kb8 1/2-1/2

[Event "Suryabinayak Municipality Open B 2024"]
[Site "Bhaktapur"]
[Date "2024.12.06"]
[Round "8.7"]
[White "Khadka, Govinda"]
[Black "Tandukar, Nabin"]
[Result "0-1"]
[ECO "B56"]
[WhiteElo "1698"]
[BlackElo "1900"]
[Annotator "RC"]
[PlyCount "90"]
[EventDate "2024.12.02"]
[EventCountry "NEP"]
[SourceTitle "playchess.com"]
[Source "ChessBase"]
[SourceQuality "1"]
[TimeControl "5400+30"]

1. e4 c5 2. Nf3 Nc6 3. d4 cxd4 4. Nxd4 Nf6 5. Nc3 d6 6. Be3 e5 7. Nb3 Ng4 8. Nd5 Nxe3 9. Nxe3 Be6 10. Nd5 a6 11. a4 Rc8 12. Bd3 Bxd5 13. exd5 Nb4 14. Bf5 Rc5 15. Nxc5 dxc5 16. c4 Bd6 17. O-O O-O 18. Ra3 g6 19. Bb1 f5 20. Qd2 Qh4 21. Rh3 Qxc4 22. Qh6 Rf7 23. Bxf5 Bf8 24. Qe3 Rxf5 25. Rd1 Nxd5 26. Qd2 Nf4 27. Re3 Qxa4 28. g4 Rf7 29. f3 Ne6 30. h4 Nd4 31. Kg2 Bd6 32. b3 Qc6 33. Rf1 Rf4 34. Kg3 e4 35. Kh3 exf3 36. b4 h5 37. Qa2+ c4 38. b5 hxg4+ 39. Kg3 axb5 40. Qb1 Re4+ 41. Kf2 g3+ 42. Kg1 f2+ 43. Rxf2 gxf2+ 44. Kxf2 Rf4+ 45. Kg1 Rg4+ 0-1

[Event "Suryabinayak Municipality Open B 2024"]
[Site "Bhaktapur"]
[Date "2024.12.07"]
[Round "9.2"]
[White "Rai, Dhiren"]
[Black "Silwal, Purushottam"]
[Result "1/2-1/2"]
[ECO "D73"]
[WhiteElo "1800"]
[BlackElo "2058"]
[Annotator "RC"]
[PlyCount "39"]
[EventDate "2024.12.02"]
[EventCountry "NEP"]
[SourceTitle "playchess.com"]
[Source "ChessBase"]
[SourceQuality "1"]
[TimeControl "5400+30"]

1. d4 Nf6 2. c4 g6 3. e3 Bg7 4. Nf3 O-O 5. g3 d5 6. cxd5 Nxd5 7. Bg2 c5 8. O-O cxd4 9. Nxd4 Nc6 10. Nxc6 bxc6 11. Qc2 Qb6 12. a3 Rb8 13. Nd2 Ba6 14. Re1 Rfd8 15. Rb1 e6 16. e4 Nc7 17. Nc4 Qc5 18. Bf1 Nb5 19. b4 Qh5 20. Be3 1/2-1/2

[Event "Suryabinayak Municipality Open B 2024"]
[Site "Bhaktapur"]
[Date "2024.12.07"]
[Round "9.4"]
[White "Rajbhandari, Rijendra"]
[Black "Lama, Milan"]
[Result "1/2-1/2"]
[ECO "B35"]
[WhiteElo "1999"]
[BlackElo "1997"]
[Annotator "RC"]
[PlyCount "62"]
[EventDate "2024.12.02"]
[EventCountry "NEP"]
[SourceTitle "playchess.com"]
[Source "ChessBase"]
[SourceQuality "1"]
[TimeControl "5400+30"]

1. e4 c5 2. Nf3 Nc6 3. d4 cxd4 4. Nxd4 g6 5. Nc3 Bg7 6. Be3 Bf8 7. Bc1 Bg7 8. Be3 Nb8 9. Nb1 Nc6 10. Nc3 Nf6 11. Bc4 Ng8 12. Be2 Nf6 13. Bc4 Nb8 14. Bb3 Nc6 15. Bc4 Nb8 16. O-O Nc6 17. Be2 Qa5 18. Bc4 O-O 19. Nb3 Qc7 20. Bg5 Qd8 21. Be2 d6 22. Qd2 Bd7 23. Rad1 Re8 24. Kh1 Be6 25. f4 Nd7 26. f5 Bxb3 27. axb3 Nde5 28. Nd5 f6 29. Be3 g5 30. b4 a6 31. Bb6 Qd7 1/2-1/2

[Event "Suryabinayak Municipality Open B 2024"]
[Site "Bhaktapur"]
[Date "2024.12.07"]
[Round "9.5"]
[White "Tandukar, Nabin"]
[Black "Singh, Suraj"]
[Result "1-0"]
[ECO "B77"]
[WhiteElo "1900"]
[BlackElo "1655"]
[Annotator "ChessBase"]
[PlyCount "51"]
[EventDate "2024.12.02"]
[EventCountry "NEP"]
[SourceTitle "playchess.com"]
[Source "ChessBase"]
[SourceQuality "1"]
[TimeControl "5400+30"]

1. e4 c5 2. Nf3 d6 3. d4 cxd4 4. Nxd4 Nf6 5. Nc3 g6 6. Be3 Bg7 7. Bc4 O-O 8. f3 Nc6 9. Qd2 a6 10. O-O-O Qc7 11. Bb3 Na5 12. Bh6 Nxb3+ 13. axb3 b5 14. g4 Bb7 15. h4 Nd7 16. h5 b4 17. Na4 Rac8 18. Bxg7 Kxg7 19. hxg6 h5 20. Rxh5 Rh8 21. Rdh1 Qb8 22. Rh7+ Rxh7 23. Rxh7+ Kf8 24. Rh8+ Kg7 25. Qh6+ Kf6 26. Qf4+ 1-0

[Event "Suryabinayak Municipality Open B 2024"]
[Site "Bhaktapur"]
[Date "2024.12.07"]
[Round "9.6"]
[White "Maharjan, Prem Krishna"]
[Black "Chaudhary, Sushil"]
[Result "1-0"]
[ECO "B30"]
[WhiteElo "1899"]
[BlackElo "1900"]
[Annotator "RC"]
[PlyCount "125"]
[EventDate "2024.12.02"]
[EventCountry "NEP"]
[SourceTitle "playchess.com"]
[Source "ChessBase"]
[SourceQuality "1"]
[TimeControl "5400+30"]

1. e4 c5 2. Nf3 Nc6 3. Nc3 g6 4. Bc4 Bg7 5. d3 Nf6 6. Bg5 d6 7. Qd2 h6 8. Bf4 Bg4 9. e5 Nh5 10. exd6 Bxf3 11. gxf3 exd6 12. Be3 Nf6 13. Bb3 O-O 14. O-O-O Kh7 15. f4 Na5 16. Rdg1 Nxb3+ 17. axb3 Qa5 18. Kb1 Rac8 19. f5 d5 20. Nxd5 Qxd2 21. Nxf6+ Bxf6 22. fxg6+ fxg6 23. Bxd2 Bh4 24. f4 Rce8 25. Rg2 Re6 26. Rhg1 Rf7 27. Kc1 Rfe7 28. Kd1 Ra6 29. Bc3 Ra1+ 30. Kd2 Be1+ 31. Rxe1 Rexe1 32. Be5 b5 33. Kc3 Ra6 34. b4 Rc6 35. bxc5 Rxc5+ 36. Kb4 Rd5 37. d4 Ra1 38. Kc3 Ra6 39. Kd3 Rd7 40. c3 Rc6 41. h4 a5 42. h5 b4 43. c4 a4 44. d5 a3 45. bxa3 bxa3 46. hxg6+ Rxg6 47. Ra2 Ra6 48. f5 Rf7 49. f6 Kg6 50. c5 Kf5 51. Bd4 Rd7 52. Rf2+ Kg6 53. Ke4 a2 54. Rf1 Ra8 55. d6 Rb7 56. Rg1+ Kh7 57. c6 Rb1 58. Rg7+ Kh8 59. f7 a1=Q 60. Rg8+ Kh7 61. Bxa1 Rxg8 62. fxg8=Q+ Kxg8 63. c7 1-0

[Event "Suryabinayak Municipality Open B 2024"]
[Site "Bhaktapur"]
[Date "2024.12.07"]
[Round "9.7"]
[White "Thapa, Binay"]
[Black "Chaulagain, Purusottam"]
[Result "1-0"]
[ECO "D02"]
[WhiteElo "1697"]
[BlackElo "1974"]
[Annotator "RC"]
[PlyCount "113"]
[EventDate "2024.12.02"]
[EventCountry "NEP"]
[SourceTitle "playchess.com"]
[Source "ChessBase"]
[SourceQuality "1"]
[TimeControl "5400+30"]

1. Nf3 d5 2. d4 e6 3. Bf4 c5 4. c3 Nf6 5. Nbd2 Nc6 6. e3 Bd6 7. Bxd6 Qxd6 8. Bd3 O-O 9. O-O b6 10. Re1 Bb7 11. e4 dxe4 12. Nxe4 Nxe4 13. Rxe4 cxd4 14. Rh4 f5 15. Nxd4 g6 16. Qe2 Rae8 17. Rd1 Qe5 18. Nxc6 Qxe2 19. Bxe2 Bxc6 20. Rhd4 Kf7 21. Rd6 Rc8 22. Bc4 Rfe8 23. Bb3 Re7 24. Re1 Bd7 25. Rxd7 Rxd7 26. Bxe6+ Ke7 27. Bxf5+ Kd8 28. Bxd7 Kxd7 29. f3 Rc5 30. Kf2 Ra5 31. a3 Rb5 32. Re2 a5 33. a4 Rd5 34. Ke3 Kc6 35. Rd2 Re5+ 36. Kf4 Rf5+ 37. Ke4 Kc5 38. b3 Kc6 39. g4 Rf7 40. f4 Re7+ 41. Kf3 Re1 42. c4 Rc1 43. Rd3 Rh1 44. Kg2 Re1 45. Kf2 Re6 46. Kf3 Kc5 47. Rd5+ Kc6 48. f5 gxf5 49. gxf5 Re1 50. h4 Rh1 51. Kg4 Rg1+ 52. Kh5 Rg3 53. Rb5 Kc7 54. Kh6 Rg4 55. h5 Rh4 56. f6 Rf4 57. Kg7 1-0